Map: Romanticide LE

Players

soul

  • Race: Terran Terran
  • League: Grandmaster

SKillous - Winner!

  • Race: Protoss Protoss
  • League: Grandmaster

Event: DreamHack SC2 Masters 2021 Summer

VOD

Have the link to the VOD?

Description

Time

  • Played on: June 2, 2021, 10:13 a.m.
  • Length: 10:37

All games in this series

Show
View Real Time Build Order
Export as new Build Order

soul Terran 

Build Orders: Reaper Expand 

Get SALT Encoding   

  12  0:00  SCV  
  13  0:13  SCV  
  14  0:17  Supply Depot  
  14  0:25  SCV  
  15  0:39  SCV  
  15  0:41  Barracks  
  16  0:44  Refinery  
  16  0:51  SCV  
  17  1:03  SCV  
  18  1:08  Engineering Bay  
  18  1:15  SCV  
  19  1:28  Orbital Command  
  19  1:33  Reaper  
  19  1:53  Command Center  
  19  1:57  SCV  
  20  2:06  Supply Depot  
  20  2:07  Marine  
  21  2:12  SCV  
  22  2:18  Factory  
  22  2:24  SCV  
  22  2:27  Marine  
  24  2:34  Bunker  
  25  2:37  SCV  
  25  2:46  Barracks Reactor  
  25  2:49  SCV  
  26  3:05  Orbital Command  
  26  3:07  SCV  
  27  3:14  Command Center  
  27  3:15  Factory Tech Lab  
  28  3:20  SCV  
  28  3:22  Marine  
  28  3:25  Marine  
  30  3:31  SCV  
  30  3:32  SCV  
  32  3:43  SCV, Marine  
  32  3:44  SCV, Barracks  
  32  3:46  Factory Tech Lab, Marine  
  36  3:55  SCV  
  36  3:56  SCV  
  36  3:58  Engineering Bay  
  36  4:01  Marine  
  38  4:04  Siege Tank  
  38  4:07  SCV  
  38  4:08  Refinery, SCV  
  43  4:12  Marine  
  44  4:18  Bunker  
  44  4:19  SCV  
  44  4:20  SCV  
  46  4:25  Marine, Supply Depot  
  46  4:27  Missile Turret  
  46  4:28  Orbital Command  
  47  4:33  Marauder  
  47  4:36  Siege Tank  
  52  4:38  SCV  
  52  4:39  SCV  
  52  4:44  Marine x2  
  56  4:50  Supply Depot  
  56  4:51  SCV  
  56  4:52  Stimpack  
  57  4:54  Marine  
  57  4:55  SCV  
  59  5:00  SCV, Supply Depot  
  59  5:02  Marine  
  59  5:05  Refinery  
  59  5:06  SCV  
  62  5:12  Starport  
  62  5:14  SCV, Marine  
  63  5:16  Marine, Supply Depot  
  63  5:20  Marine  
  66  5:26  Refinery  
  66  5:29  Siege Tank  
  66  5:30  Barracks  
  66  5:32  Marine  
  66  5:33  Marine  
  68  5:38  Marine  
  68  5:43  SCV  
  68  5:45  SCV  
  64  5:50  Marine  
  64  5:51  Marine  
  64  5:55  Marine  
  62  5:57  SCV  
  62  5:59  SCV  
  62  6:01  SCV  
  65  6:08  Marine  
  65  6:09  SCV, Marine  
  68  6:12  SCV  
  68  6:13  SCV, Marine  
  68  6:15  Refinery  
  68  6:16  Supply Depot, Siege Tank  
  68  6:17  Marine  
  74  6:24  SCV x2  
  76  6:26  Marine  
  76  6:27  Marine, Medivac  
  76  6:29  SCV  
  76  6:31  Marine  
  78  6:35  Marine  
  78  6:36  SCV  
  78  6:37  SCV  
  79  6:43  Marine  
  79  6:44  SCV  
  79  6:45  Marine  
  79  6:48  SCV, Bunker  
  79  6:49  Marine  
  79  6:53  Marine  
  76  6:55  SCV  
  75  7:01  Marine  
  75  7:02  Marine  
  75  7:05  SCV  
  75  7:06  Combat Shield  
  75  7:07  Starport Reactor, Marine  
  78  7:09  SCV  
  78  7:11  SCV  
  77  7:17  SCV  
  77  7:18  Terran Infantry Weapons Level 1  
  77  7:19  Engineering Bay  
  77  7:21  SCV  
  79  7:22  Factory Reactor  
  79  7:24  Concussive Shells  
  79  7:29  SCV  
  80  7:33  SCV  
  81  7:37  Barracks  
  81  7:38  Barracks  
  81  7:40  Orbital Command  
  81  7:41  SCV  
  82  7:45  SCV, Terran Infantry Armor Level 1  
  82  7:47  Medivac x2  
  87  7:53  SCV  
  87  7:56  Marine  
  87  7:57  SCV  
  85  8:03  Marine  
  85  8:04  Marauder  
  88  8:05  SCV  
  88  8:07  SCV  
  88  8:09  Widow Mine x2, SCV  
  95  8:13  Supply Depot  
  95  8:14  Supply Depot  
  95  8:16  Marauder, Marine  
  95  8:18  SCV  
  100  8:21  Marine  
  101  8:27  Supply Depot  
  101  8:28  SCV  
  101  8:29  Barracks Reactor, Supply Depot  
  101  8:30  Barracks Tech Lab  
  101  8:31  Armory  
  101  8:35  Widow Mine, SCV x2, Marauder, Marine  
  104  8:42  SCV  
  104  8:46  Medivac x2  
  104  8:47  Marine  
  104  8:48  SCV  
  108  8:49  SCV  
  108  8:50  Marine  
  108  8:51  Marauder  
  108  8:54  SCV  
  112  8:56  Marauder  
  112  8:58  Marine  
  112  9:00  SCV  
  112  9:02  SCV  
  117  9:05  Marine  
  117  9:06  SCV  
  117  9:09  Marauder, Marine  
  122  9:12  SCV, Marauder  
  122  9:13  Marine  
  122  9:14  SCV  
  122  9:16  Viking x2  
  131  9:18  Marauder  
  133  9:25  Refinery x2  
  133  9:29  Supply Depot x3  
  133  9:38  Marine  
  133  9:41  SCV  
  133  9:45  SCV, Marine x2  
  133  9:46  Marine  
  133  9:48  SCV, Marauder x2  
  133  9:50  Marauder  
  129  9:53  SCV  
  129  9:56  Marine  
  103  10:03  Marine x2  
  103  10:04  Marine  
  103  10:05  Widow Mine  
  103  10:06  SCV  
  96  10:09  Widow Mine, Marauder x2  
  96  10:10  SCV x2  
  96  10:12  Marauder  
  104  10:14  Marine  
  104  10:18  SCV  
  105  10:22  SCV  
Show
View Real Time Build Order
Export as new Build Order

SKillous Protoss - Winner!

Build Orders: 1 Gate Expand, Blink Stalkers 

Get SALT Encoding   

  12  0:00  Probe  
  13  0:12  Probe  
  14  0:17  Pylon  
  14  0:24  Probe (Chrono Boost)  
  15  0:36  Probe (Chrono Boost)  
  15  0:38  Gateway  
  16  0:45  Probe (Chrono Boost)  
  16  0:48  Assimilator  
  17  0:50  Probe  
  18  1:03  Probe  
  19  1:15  Probe  
  20  1:28  Cybernetics Core  
  21  1:42  Nexus  
  20  1:47  Pylon  
  20  1:49  Probe  
  21  1:55  Assimilator  
  21  2:02  Adept (Chrono Boost)  
  21  2:03  Probe  
  24  2:09  Warp Gate  
  23  2:15  Probe  
  24  2:22  Stalker (Chrono Boost)  
  24  2:29  Probe  
  27  2:41  Probe, Twilight Council  
  28  2:54  Probe (Chrono Boost)  
  30  2:59  Probe (Chrono Boost)  
  30  3:03  Robotics Facility  
  30  3:04  Probe (Chrono Boost)  
  31  3:07  Probe (Chrono Boost)  
  33  3:13  Probe (Chrono Boost)  
  33  3:18  Gateway  
  34  3:20  Probe (Chrono Boost)  
  34  3:21  Blink (Chrono Boost)  
  34  3:23  Probe (Chrono Boost)  
  34  3:26  Probe (Chrono Boost)  
  35  3:33  Probe  
  37  3:38  Probe  
  37  3:41  Gateway  
  38  3:43  Gateway  
  38  3:45  Probe  
  39  3:50  Probe  
  39  3:51  Observer (Chrono Boost)  
  41  3:57  Probe  
  41  3:59  Pylon  
  41  4:02  Probe  
  43  4:03  Pylon  
  43  4:09  Assimilator  
  43  4:11  Warp Prism (Chrono Boost)  
  47  4:19  Stalker  
  47  4:20  Stalker  
  47  4:22  Probe  
  47  4:23  Probe  
  51  4:36  Stalker  
  51  4:38  Probe, Pylon, Stalker  
  55  4:43  Stalker  
  58  4:48  Stalker  
  62  4:56  Pylon  
  62  4:57  Shield Battery  
  62  4:58  Observer  
  62  5:00  Shield Battery  
  61  5:08  Stalker x2  
  61  5:10  Stalker  
  67  5:14  Stalker  
  69  5:33  Stalker x3  
  75  5:36  Probe x2  
  75  5:39  Assimilator  
  69  5:58  Nexus  
  69  6:00  Pylon  
  69  6:01  Stalker x2  
  69  6:03  Stalker  
  75  6:06  Probe  
  75  6:11  Probe  
  77  6:20  Stalker, Robotics Bay  
  77  6:24  Stalker  
  82  6:25  Probe (Chrono Boost)  
  82  6:27  Probe (Chrono Boost)  
  83  6:34  Charge (Chrono Boost)  
  83  6:36  Probe (Chrono Boost)  
  83  6:38  Probe (Chrono Boost)  
  85  6:41  Probe (Chrono Boost)  
  85  6:46  Probe  
  85  6:49  Pylon  
  85  6:50  Pylon  
  85  6:53  Probe  
  76  7:04  Stalker  
  76  7:05  Shield Battery, Stalker x3  
  76  7:07  Pylon  
  82  7:10  Colossus (Chrono Boost)  
  88  7:17  Probe (Chrono Boost)  
  91  7:23  Probe x2 (Chrono Boost), Extended Thermal Lance  
  91  7:27  Probe (Chrono Boost)  
  91  7:29  Forge  
  92  7:32  Probe (Chrono Boost)  
  92  7:36  Probe (Chrono Boost)  
  95  7:37  Probe (Chrono Boost)  
  95  7:40  Probe (Chrono Boost), Gateway  
  95  7:43  Gateway  
  95  7:44  Probe (Chrono Boost)  
  97  7:45  Probe x2 (Chrono Boost)  
  99  7:54  Probe  
  99  7:57  Observer (Chrono Boost)  
  100  7:59  Protoss Ground Weapons Level 1 (Chrono Boost)  
  100  8:00  Probe  
  100  8:01  Probe  
  100  8:06  Assimilator  
  100  8:09  Templar Archives, Gateway, Assimilator  
  100  8:10  Gateway  
  100  8:15  Colossus (Chrono Boost)  
  106  8:31  Probe  
  106  8:33  Nexus  
  107  8:36  Pylon  
  104  8:43  Sentry x2, Stalker x2  
  104  8:47  Probe x2  
  114  8:51  Photon Cannon  
  114  8:52  Photon Cannon  
  114  8:57  High Templar  
  114  8:59  Pylon  
  114  9:00  High Templar  
  114  9:01  Pylon  
  118  9:05  Archon  
  118  9:06  Pylon  
  118  9:14  Colossus  
  118  9:15  Zealot x4  
  131  9:23  Pylon  
  131  9:24  Pylon  
  131  9:32  Zealot x3  
  131  9:37  Zealot x5  
  147  9:42  Probe  
  134  9:57  Zealot x2  
  134  9:58  Zealot x6  
  137  10:05  Probe  
  128  10:14  Gateway  
  128  10:15  Gateway  
  128  10:18  Probe  
  128  10:19  Probe  
  126  10:23  Zealot x2  
  124  10:30  Photon Cannon  
Tags
 
Add a new tag
Caveats
  • Supply blocks, unpowered buildings, or Contaminate may cause inaccurate times.
  • Supply counts are checked every 10 seconds.